GULF
GALVESTON SAND CRABS @ DUNEDIN RANGERS
08/02/1982
 
TOP OF THE 1ST
Galveston Sand Crabs batting - Pitching for Dunedin Rangers : RHP Ronald Sylvia
Pitching: RHP Ronald Sylvia
Batting: SHB Ricardo Rivera 0-0: Ball
1-0: Ball
2-0: SINGLE (Line Drive, 9S, EV 100.6 MPH)
Batting: RHB Sergio Padilla 0-0: Ball
1-0: Foul Ball, location: 2F
1-1: Ball
2-1: Ball
3-1: Called Strike
3-2: Foul Ball, location: 2F
3-2: Fly out, F8 (Flyball, 8RD, EV 96.9 MPH)
Batting: LHB Van Snider 0-0: Foul Ball, location: 2F
0-1: Called Strike
0-2: Strikes out swinging
Batting: RHB Stephen Fleming 0-0: Ball
1-0: Called Strike
Ricardo Rivera steals 2nd base
1-1: Swinging Strike
1-2: SINGLE (Groundball, 3D, EV 105.0 MPH)
Ricardo Rivera to third
Runner from 3rd tries for Home, SAFE, throw by RF to home
Stephen Fleming to second
Batting: RHB Cayetano Cadahia 0-0: Ball
1-0: Ball
2-0: Ball
3-0: Called Strike
3-1: Base on Balls
Batting: SHB Darryl Wilks 0-0: Fly out, F3 (Line Drive, 3, EV 68.8 MPH)
Top of the 1st over - 1 run, 2 hits, 0 errors, 2 left on base; Galveston 1 - Dunedin 0
BOTTOM OF THE 1ST
Dunedin Rangers batting - Pitching for Galveston Sand Crabs : LHP Michael Dixon
Pitching: LHP Michael Dixon
Batting: RHB Jacob Brumfield 0-0: Ball
1-0: Ball
2-0: Called Strike
2-1: Foul Ball, location: 2F
2-2: Ball
3-2: Foul Ball, location: 2F
3-2: Foul Ball, location: 2F
3-2: Strikes out swinging
Batting: LHB Mike L Hart 0-0: Ball
1-0: Ball
2-0: Ball
3-0: Base on Balls
Batting: LHB La Schelle Tarver 0-0: Ball
1-0: Ball
2-0: Called Strike
2-1: Ball
3-1: Called Strike
3-2: Base on Balls
Mike L Hart to second
Batting: RHB Glenn Wilson 0-0: Ball
1-0: Ball
2-0: Called Strike
2-1: Foul Ball, location: 2F
2-2: Foul Ball, location: 2F
2-2: Fly out, F8 (Flyball, 89D, EV 92.5 MPH)
Runner from 2nd tags up, SAFE at 3rd, no throw by CF
Batting: LHB Ty Van Burkleo 0-0: Foul Ball, location: 2F
0-1: Called Strike
La Schelle Tarver steals 2nd base
0-2: Ground out 5-3 (Groundball, 25, EV 80.6 MPH)
Bottom of the 1st over - 0 runs, 0 hits, 0 errors, 2 left on base; Galveston 1 - Dunedin 0
TOP OF THE 2ND
Galveston Sand Crabs batting - Pitching for Dunedin Rangers : RHP Ronald Sylvia
Batting: LHB Dave Montanari 0-0: Ball
1-0: Called Strike
1-1: Ball
2-1: Swinging Strike
2-2: Ball
3-2: Base on Balls
Batting: RHB William Packer 0-0: Ball
1-0: Foul Ball, location: 2F
1-1: Ball
Dave Montanari steals 2nd base
2-1: Fly out, F9 (Flyball, 9S, EV 90.6 MPH)
Batting: RHB Wil Muela 0-0: Called Strike
0-1: Fly out, F9 (Flyball, 9LM, EV 90.0 MPH)
Batting: SHB Ricardo Rivera 0-0: Ball
1-0: Ball
2-0: Ball
3-0: Base on Balls
Batting: RHB Sergio Padilla 0-0: Called Strike
0-1: Ball
1-1: Fielders Choice at 2nd, 5-4 (Groundball, 56, EV 85.6 MPH)
Top of the 2nd over - 0 runs, 0 hits, 0 errors, 2 left on base; Galveston 1 - Dunedin 0
BOTTOM OF THE 2ND
Dunedin Rangers batting - Pitching for Galveston Sand Crabs : LHP Michael Dixon
Batting: RHB John Gibbons 0-0: Called Strike
0-1: Swinging Strike
0-2: Strikes out looking
Batting: SHB Bryan Little 0-0: Reached on error, E3 (Groundball, 34S, EV 68.1 MPH)
Batting: RHB Gary Thurman 0-0: Called Strike
0-1: Swinging Strike
0-2: Ball
1-2: SINGLE (Flyball, 56D, EV 86.9 MPH)
Bryan Little to second
Batting: RHB Ron Gant 0-0: Called Strike
0-1: Ball
1-1: Ball
2-1: Foul Ball, location: 2F
2-2: SINGLE (Line Drive, 3D, EV 97.5 MPH)
Bryan Little to third
Gary Thurman to second
Runner from 3rd tries for Home, SAFE, throw by RF to home
Batting: RHB Jacob Brumfield 0-0: Called Strike
0-1: Ball
1-1: Swinging Strike
1-2: Ball
2-2: Strikes out swinging
Batting: LHB Mike L Hart 0-0: Ball
1-0: Foul Ball, location: 2F
1-1: Ball
2-1: Foul Ball, location: 2F
2-2: Strikes out swinging
Bottom of the 2nd over - 1 run, 2 hits, 1 error, 2 left on base; Galveston 1 - Dunedin 1
TOP OF THE 3RD
Galveston Sand Crabs batting - Pitching for Dunedin Rangers : RHP Ronald Sylvia
Batting: LHB Van Snider 0-0: Ball
1-0: Ball
2-0: Foul Ball, location: 2F
2-1: SINGLE (Groundball, 34D, EV 97.5 MPH)
Batting: RHB Stephen Fleming 0-0: Ball
Van Snider steals 2nd base
1-0: Ball
2-0: Foul Ball, location: 2F
2-1: Foul Ball, location: 2F
2-2: Strikes out looking
Batting: RHB Cayetano Cadahia 0-0: Called Strike
0-1: Swinging Strike
0-2: SINGLE (Groundball, 4MD, EV 102.5 MPH)
Van Snider to third
Runner from 3rd tries for Home, SAFE, throw by CF to home
Batting: SHB Darryl Wilks 0-0: Ball
1-0: Swinging Strike
1-1: Called Strike
1-2: Foul Ball, location: 2F
1-2: Strikes out swinging
Batting: LHB Dave Montanari 0-0: Ball
1-0: Ball
Wild Pitch!
Cayetano Cadahia to second
2-0: Foul Ball, location: 2F
2-1: Foul Ball, location: 2F
2-2: Ball
3-2: Base on Balls
Batting: RHB William Packer 0-0: Ball
1-0: Fielders Choice at 2nd, 5-4 (Groundball, 56, EV 101.9 MPH)
Top of the 3rd over - 1 run, 2 hits, 0 errors, 2 left on base; Galveston 2 - Dunedin 1
BOTTOM OF THE 3RD
Dunedin Rangers batting - Pitching for Galveston Sand Crabs : LHP Michael Dixon
Now in RF: Charles Menzhuber
Batting: LHB La Schelle Tarver 0-0: Ball
1-0: Foul Ball, location: 2F
1-1: Ball
2-1: Ground out 6-3 (Groundball, 56, EV 83.1 MPH)
Batting: RHB Glenn Wilson 0-0: Called Strike
0-1: Called Strike
0-2: Ball
1-2: Strikes out swinging
Batting: LHB Ty Van Burkleo 0-0: Ball
1-0: Ball
2-0: Ball
3-0: Called Strike
3-1: Foul Ball, location: 2F
3-2: Base on Balls
Batting: RHB John Gibbons 0-0: Ball
1-0: Swinging Strike
1-1: Foul Ball, location: 2F
1-2: Ball
2-2: Strikes out looking
Bottom of the 3rd over - 0 runs, 0 hits, 0 errors, 1 left on base; Galveston 2 - Dunedin 1
TOP OF THE 4TH
Galveston Sand Crabs batting - Pitching for Dunedin Rangers : RHP Ronald Sylvia
Batting: RHB Wil Muela 0-0: Swinging Strike
0-1: Ball
1-1: Ball
2-1: Called Strike
2-2: Ball
3-2: Strikes out looking
Batting: SHB Ricardo Rivera 0-0: Swinging Strike
0-1: Ball
1-1: Swinging Strike
1-2: Strikes out looking
Batting: RHB Sergio Padilla 0-0: Foul Ball, location: 2F
0-1: Called Strike
0-2: Ball
1-2: Ball
2-2: Fly out, F9 (Flyball, 89M, EV 96.3 MPH)
Top of the 4th over - 0 runs, 0 hits, 0 errors, 0 left on base; Galveston 2 - Dunedin 1
BOTTOM OF THE 4TH
Dunedin Rangers batting - Pitching for Galveston Sand Crabs : LHP Michael Dixon
Batting: SHB Bryan Little 0-0: Called Strike
0-1: Ball
1-1: Ball
2-1: Ball
3-1: Base on Balls
Batting: RHB Gary Thurman 0-0: Called Strike
0-1: Ball
1-1: Ball
2-1: Swinging Strike
2-2: Strikes out swinging
Batting: RHB Ron Gant 0-0: Ball
1-0: Ball
2-0: Foul Ball, location: 2F
2-1: Ball
3-1: Base on Balls
Bryan Little to second
Batting: RHB Jacob Brumfield 0-0: Foul Ball, location: 2F
0-1: Foul Ball, location: 2F
0-2: Grounds into double play, 6-4-3 (Groundball, 6, EV 103.1 MPH)
Bottom of the 4th over - 0 runs, 0 hits, 0 errors, 1 left on base; Galveston 2 - Dunedin 1
TOP OF THE 5TH
Galveston Sand Crabs batting - Pitching for Dunedin Rangers : RHP Ronald Sylvia
Batting: SHB Charles Menzhuber 0-0: Foul Ball, location: 2F
0-1: Ball
1-1: Ball
2-1: Ball
3-1: DOUBLE (Line Drive, 5D, EV 109.4 MPH)
Batting: RHB Stephen Fleming 0-0: Called Strike
0-1: Called Strike
0-2: Fly out, F7 (Flyball, 7LM, EV 90.0 MPH)
Batting: RHB Cayetano Cadahia 0-0: Foul Ball, location: 2F
0-1: Ball
1-1: Swinging Strike
1-2: Ball
2-2: Strikes out swinging
Batting: SHB Darryl Wilks 0-0: Swinging Strike
0-1: Foul Ball, location: 2F
0-2: Ball
1-2: Ball
2-2: Ball
3-2: Base on Balls
Batting: LHB Dave Montanari 0-0: Called Strike
0-1: Ball
1-1: Swinging Strike
1-2: Foul Ball, location: 2F
1-2: Foul Ball, location: 2F
1-2: Fly out, F6 (Flyball, 6D, EV 84.4 MPH)
Top of the 5th over - 0 runs, 1 hit, 0 errors, 2 left on base; Galveston 2 - Dunedin 1
BOTTOM OF THE 5TH
Dunedin Rangers batting - Pitching for Galveston Sand Crabs : LHP Michael Dixon
Batting: LHB Mike L Hart 0-0: Ball
1-0: Ball
2-0: Fly out, F8 (Flyball, 78D, EV 75.0 MPH)
Batting: LHB La Schelle Tarver 0-0: Foul Ball, location: 2F
0-1: Ball
1-1: Hit by Pitch
Batting: RHB Glenn Wilson 0-0: Called Strike
0-1: Ball
1-1: Called Strike
1-2: Reached on error, E5 (Groundball, 56S, EV 81.3 MPH)
La Schelle Tarver to second
Batting: LHB Ty Van Burkleo 0-0: Called Strike
0-1: Ball
1-1: Ball
2-1: Foul Ball, location: 2F
2-2: Strikes out looking
Batting: RHB John Gibbons 0-0: Ball
1-0: Swinging Strike
1-1: Fielders Choice at 2nd, 6-4 (Groundball, 6, EV 105.0 MPH)
Bottom of the 5th over - 0 runs, 0 hits, 1 error, 2 left on base; Galveston 2 - Dunedin 1
TOP OF THE 6TH
Galveston Sand Crabs batting - Pitching for Dunedin Rangers : RHP Ronald Sylvia
Batting: RHB William Packer 0-0: Ball
1-0: Swinging Strike
1-1: Foul Ball, location: 2F
1-2: Strikes out swinging
Batting: RHB Wil Muela 0-0: Foul Ball, location: 2F
0-1: Ball
1-1: Ball
2-1: Foul Ball, location: 2F
2-2: Ball
3-2: Strikes out looking
Batting: SHB Ricardo Rivera 0-0: Ball
1-0: Ball
2-0: Foul Ball, location: 2F
2-1: Ball
3-1: Called Strike
3-2: Foul Ball, location: 2F
3-2: Strikes out swinging
Top of the 6th over - 0 runs, 0 hits, 0 errors, 0 left on base; Galveston 2 - Dunedin 1
BOTTOM OF THE 6TH
Dunedin Rangers batting - Pitching for Galveston Sand Crabs : LHP Michael Dixon
Batting: SHB Bryan Little 0-0: Ball
1-0: Ball
2-0: Ball
3-0: Base on Balls
Batting: RHB Gary Thurman 0-0: Ball
Bryan Little is caught stealing 2nd base 2-4
1-0: Called Strike
1-1: Ball
2-1: Called Strike
2-2: Ball
3-2: Strikes out looking
Batting: RHB Ron Gant 0-0: Ball
1-0: Ball
2-0: Ball
3-0: Called Strike
3-1: Base on Balls
Batting: RHB Jacob Brumfield 0-0: Ball
1-0: Ball
2-0: Foul Ball, location: 2F
2-1: SINGLE (Groundball, 4D, EV 100.6 MPH)
Ron Gant to second
Runner from 2nd tries for 3rd, SAFE, throw by CF made to third
Batting: LHB Mike L Hart 0-0: Foul Ball, location: 9LSF, Error on foul ball, E9
0-1: Ball
1-1: Fielders Choice at 2nd, U6 (Groundball, 6M, EV 86.3 MPH)
Bottom of the 6th over - 0 runs, 1 hit, 1 error, 2 left on base; Galveston 2 - Dunedin 1
TOP OF THE 7TH
Galveston Sand Crabs batting - Pitching for Dunedin Rangers : RHP Ronald Sylvia
Batting: RHB Sergio Padilla 0-0: Called Strike
0-1: Ground out 6-3 (Groundball, 6, EV 77.5 MPH)
Batting: SHB Charles Menzhuber 0-0: Ball
1-0: Ball
2-0: Ground out 5-3 (Groundball, 56S, EV 91.9 MPH)
Batting: RHB Stephen Fleming 0-0: Ball
1-0: Ball
2-0: Ground out 6-3 (Groundball, 56, EV 103.1 MPH)
Top of the 7th over - 0 runs, 0 hits, 0 errors, 0 left on base; Galveston 2 - Dunedin 1
BOTTOM OF THE 7TH
Dunedin Rangers batting - Pitching for Galveston Sand Crabs : LHP Michael Dixon
Batting: LHB La Schelle Tarver 0-0: Ground out U3 (Groundball, 34, EV 86.3 MPH)
Batting: RHB Glenn Wilson 0-0: Ball
1-0: Ground out 6-3 (Groundball, 56, EV 80.6 MPH)
Batting: LHB Ty Van Burkleo 0-0: Called Strike
0-1: Ball
1-1: Foul Ball, location: 2F
1-2: Foul Ball, location: 2F
1-2: Ball
2-2: Foul Ball, location: 2F
2-2: SINGLE (Line Drive, 5D, EV 105.0 MPH)
Pitching: LHP Roberto Garcia
Batting: RHB John Gibbons 0-0: Called Strike
0-1: Ball
1-1: Foul Ball, location: 2F
1-2: Strikes out swinging
Bottom of the 7th over - 0 runs, 1 hit, 0 errors, 1 left on base; Galveston 2 - Dunedin 1
TOP OF THE 8TH
Galveston Sand Crabs batting - Pitching for Dunedin Rangers : RHP Ronald Sylvia
Batting: RHB Cayetano Cadahia 0-0: Swinging Strike
0-1: Fly out, F7 (Flyball, 78D, EV 100.0 MPH)
Batting: SHB Darryl Wilks 0-0: Called Strike
0-1: Ball
1-1: Ball
2-1: Foul Ball, location: 2F
2-2: Foul Ball, location: 2F
2-2: Strikes out looking
Batting: LHB Dave Montanari 0-0: Called Strike
0-1: Swinging Strike
0-2: Ball
1-2: Strikes out swinging
Top of the 8th over - 0 runs, 0 hits, 0 errors, 0 left on base; Galveston 2 - Dunedin 1
BOTTOM OF THE 8TH
Dunedin Rangers batting - Pitching for Galveston Sand Crabs : LHP Roberto Garcia
Batting: SHB Bryan Little 0-0: Called Strike
0-1: Foul Ball, location: 2F
0-2: DOUBLE (Line Drive, 9LS, EV 98.1 MPH)
Pitching: RHP Tony Gamboa
Pinch Hitting: LHB David Thielker 0-0: Foul Ball, location: 2F
0-1: Called Strike
0-2: Ball
1-2: Ball
2-2: Ball
3-2: Base on Balls
Pinch Hitting: SHB Todd Benzinger 0-0: Called Strike
0-1: Ball
1-1: Foul Ball, location: 2F
1-2: Strikes out swinging
Batting: RHB Jacob Brumfield 0-0: Ball
1-0: Foul Ball, location: 2F
1-1: Foul Ball, location: 2F
1-2: Ball
2-2: Foul Ball, location: 2F
2-2: Strikes out looking
Batting: LHB Mike L Hart 0-0: Ball
1-0: Ball
2-0: Swinging Strike
2-1: Ball
3-1: Base on Balls
Bryan Little to third
David Thielker to second
Batting: LHB La Schelle Tarver 0-0: Ball
1-0: Called Strike
1-1: Ball
2-1: Swinging Strike
2-2: Foul Ball, location: 2F
2-2: Foul Ball, location: 2F
2-2: Fielders Choice at 2nd, 6-4 (Groundball, 6, EV 79.4 MPH)
Bottom of the 8th over - 0 runs, 1 hit, 0 errors, 3 left on base; Galveston 2 - Dunedin 1
TOP OF THE 9TH
Galveston Sand Crabs batting - Pitching for Dunedin Rangers : RHP Ronald Sylvia
Pitching: RHP Luis Sanchez
Now at 2B: Craig Goodin
Now in RF: Todd Benzinger
Batting: RHB William Packer 0-0: Ball
1-0: Foul Ball, location: 2F
1-1: Ball
2-1: Ball
3-1: Base on Balls
Batting: RHB Wil Muela 0-0: Called Strike
0-1: Ball
1-1: Grounds into double play, 5-4-3 (Groundball, 56, EV 81.3 MPH)
Batting: SHB Ricardo Rivera 0-0: Foul Ball, location: 2F
0-1: Ball
1-1: Ground out U3 (Groundball, 3L, EV 84.4 MPH)
Top of the 9th over - 0 runs, 0 hits, 0 errors, 0 left on base; Galveston 2 - Dunedin 1
BOTTOM OF THE 9TH
Dunedin Rangers batting - Pitching for Galveston Sand Crabs : RHP Tony Gamboa
Pitching: RHP Xavier Tovar
Now at 1B: Roman Musselwhite
Batting: RHB Glenn Wilson 0-0: Swinging Strike
0-1: Ball
1-1: Ball
2-1: SINGLE (Line Drive, 89D, EV 105.6 MPH)
Batting: LHB Ty Van Burkleo 0-0: Ball
1-0: Foul Ball, location: 2F
1-1: Ball
2-1: Ball
3-1: Base on Balls
Glenn Wilson to second
Batting: RHB John Gibbons 0-0: Ball
1-0: Foul Ball, location: 2F
1-1: Ball
2-1: Ball
3-1: Called Strike
3-2: Foul Ball, location: 2F
3-2: Strikes out swinging
Batting: SHB Bryan Little 0-0: Ball
1-0: Called Strike
1-1: Foul Ball, location: 2F
1-2: Ground out 5-3 (Groundball, 56S, EV 66.3 MPH)
Glenn Wilson to third
Ty Van Burkleo to second
Pinch Hitting: LHB Tom Bonk 0-0: Swinging Strike
0-1: Ball
1-1: Foul Ball, location: 2F
1-2: Strikes out swinging
Bottom of the 9th over - 0 runs, 1 hit, 0 errors, 2 left on base; Galveston 2 - Dunedin 1
Thursday, August 20th, 2020 - OOTP Baseball 21.5 Build 76